 Dungeon Crawl Stone Soup version 0.32-a0-519-g08f29ac1c3 (webtiles) character file.

Game seed: 11184952986363610099

573 mopl the Grasshopper (level 7, -1/50 HPs)
             Began as a Formicid Warper on Feb 28, 2024.
             Splashed by a jelly's acid (2 damage)
             ... on level 5 of the Dungeon.
             The game lasted 00:07:47 (3573 turns).

mopl the Grasshopper (Formicid Warper)              Turns: 3573, Time: 00:07:48

Health: -1/50      AC: -3    Str: 15    XL:     7   Next: 61%
Magic:  4/11       EV: 10    Int: 15    God:
Gold:   205        SH: 10    Dex: 19    Spells: 6/12 levels left

rFire   . . .        a - +0 hand axe
rCold   . . .        s - +0 kite shield
rNeg    . . .        w - +1 leather armour of Dogmatism {+Inv Regen+}
rPois   .            (helmet unavailable)
rElec   .            (no cloak)
rCorr   .            (no gloves)
SInv    +            (no boots)
Will    .....        (no amulet)
Stlth   +            B - +6 ring of dexterity
HPRegen 1.08/turn    (no ring)
MPRegen 0.12/turn

%: no passive effects
@: corroded
A: permanent stasis, dig shafts and tunnels, antennae 3, four strong arms
a: Dig, Shaft Self, Evoke Invisibility


You were on level 5 of the Dungeon.
You visited 1 branch of the dungeon, and saw 5 of its levels.

You collected 205 gold pieces.

Inventory:

Hand Weapons
 a - a +0 hand axe (weapon)
 h - a +2 antimagic sling
 p - a +0 whip of holy wrath
 v - a +2 dagger of venom
Missiles
 c - 6 darts of dispersal
 m - 8 boomerangs (quivered)
 x - a throwing net
Armour
 s - a +0 kite shield (worn)
 w - the +1 leather armour of Dogmatism (worn) {+Inv Regen+}
   (You found it on level 3 of the Dungeon)

   +Inv:      It lets you turn invisible.
   Regen+:    It increases your rate of health regeneration.
Magical Staves
 b - a staff of death
Jewellery
 r - a ring of fire
 B - a +6 ring of dexterity (left hand)
Scrolls
 f - 2 scrolls of enchant armour
 g - 2 scrolls of brand weapon {unknown}
 i - 2 scrolls of poison {unknown}
 j - a scroll of teleportation {unknown}
 k - a scroll of fog {unknown}
 n - a scroll of vulnerability {unknown}
 o - 2 scrolls of revelation {unknown}
 q - 3 scrolls of immolation {unknown}
 y - 2 scrolls of noise {unknown}
Potions
 d - a potion of enlightenment
 e - 2 potions of curing
 l - 4 potions of might {unknown}
 t - a potion of heal wounds
 u - a potion of ambrosia {unknown}
 z - a potion of brilliance
 A - a potion of cancellation
 C - a potion of attraction {unknown}


   Skills:
 - Level 2.1 Fighting
 * Level 5.1 Axes
 - Level 1.0 Throwing
 - Level 1.1 Armour
 - Level 1.7 Dodging
 + Level 3.3 Shields
 + Level 3.0 Spellcasting
 * Level 5.1 Translocations


You had 6 spell levels left.
You knew the following spells:

 Your Spells              Type           Power      Damage    Failure   Level
a - Manifold Assault      Tloc           17%        N/A       67%         4
b - Lesser Beckoning      Tloc           34%        N/A       14%         2

Your spell library contained the following spells:

 Spells                   Type           Power      Damage    Failure   Level
 Apportation              Tloc           34%        N/A       10%         1
 Teleport Other           Tloc           17%        N/A       28%         3
 Necrotise                Necr           8%         1d4       58%         1
 Shock                    Conj/Air       8%         1d3       58%         1
 Sting                    Conj/Alch      8%         1d3       58%         1
 Summon Small Mammal      Summ           8%         N/A       58%         1
 Ensorcelled Hibernation  Hex/Ice        4%         N/A       75%         2
 Fugue of the Fallen      Necr           2%         N/A       92%         3
 Airstrike                Air            1%         2d(1-17)  100%        4
 Anguish                  Hex/Necr       1%         N/A       100%        4
 Blink                    Tloc           Unusable   N/A       N/A         2
 Swiftness                Air            Unusable   N/A       N/A         3
 Vhi's Electric Charge    Tloc/Air       Unusable   N/A       N/A         4

Dungeon Overview and Level Annotations

Branches:
Dungeon (5/15)
 Temple: D:4-7

Altars:

Shops:
D:2 (


Innate Abilities, Weirdness & Mutations

You cannot be hasted, slowed, berserked, paralysed or teleported.
You can dig through walls and to a lower floor.
You have a pair of large antennae on your head. (SInv)
Your four strong arms can wield two-handed weapons with a shield.


Message History

h - a +2 antimagic sling (weapon)
You shoot a sling bullet. The sling bullet hits the jelly.
The jelly is lightly wounded.
You feel magic returning to you.
a - a +0 hand axe (weapon)
The jelly hits you but does no damage.
You slash the jelly!
Your hands burn!
The jelly is severely wounded.
The jelly misses you.
You hit the jelly but do no damage.
Your hands burn!
The jelly is severely wounded.
The jelly completely misses you.
You hit the jelly. The acid corrodes you!
Your hands burn!
The jelly is almost dead.
The jelly closely misses you.
You completely miss the jelly.
The jelly is almost dead.
The jelly hits you. The acid corrodes you!
You are splashed with acid!
You block the jelly's attack.
You hit the jelly but do no damage.
Your hands burn!
The jelly is almost dead.
The jelly hits you.
You are splashed with acid.
You hit the jelly but do no damage.
Your hands burn!
The jelly is almost dead.
The jelly hits you.
You are splashed with acid!
* * * LOW HITPOINT WARNING * * *
You barely miss the jelly.
The jelly is almost dead.
You block the jelly's attack.
You hit the jelly but do no damage.
Your hands burn!
* * * LOW HITPOINT WARNING * * *
The jelly is almost dead.
The jelly hits you.
* * * LOW HITPOINT WARNING * * *
You are splashed with acid.
* * * LOW HITPOINT WARNING * * *
You aren't carrying any items that you can evoke.
Unknown command.
You hit the jelly but do no damage.
Your hands burn!
You die...

##...## ##...##
#...## ##...#
#...## ## #..^# ..#
#...# ### ..
##.######.##.# ,
#........@J.#
#.####.#.####
#######.####.#.#
.............#.###
........###......##
##.#.##.###.##....#
#... #.##........#
{
##.#.##.##..###.###
................#


You could see a jelly.

Vanquished Creatures
  An ogre (D:4)
  2 bombardier beetles (D:4)
  2 hounds
  A sleepcap (D:4)
  2 iguanas (D:4)
  An orc wizard (D:4)
  Natasha (thrice) (D:3)
  3 gnolls (D:3)
  4 adders
  A shadow imp (D:5)
  3 dart slugs
  4 ribbon worms
  10 orcs
  5 bats
  10 endoplasms
  5 goblins
  7 hobgoblins
  8 jackals
  7 kobolds
  6 quokkas
  8 ball pythons
  A frilled lizard (D:1)
  4 rats
98 creatures vanquished.

Vanquished Creatures (others)
  A kobold (D:3)
1 creature vanquished.

Grand Total: 99 creatures vanquished

Notes
Turn   | Place    | Note
-------+----------+-------------------------------------------
     0 | D:1      | mopl the Formicid Warper began the quest for the Orb.
     0 | D:1      | Reached XP level 1. HP: 16/16 MP: 3/3
    78 | D:1      | Reached XP level 2. HP: 4/22 MP: 5/5
   158 | D:1      | Learned a level 2 spell: Lesser Beckoning
   224 | D:1      | Reached skill level 3 in Translocations
   481 | D:1      | Reached XP level 3. HP: 26/27 MP: 6/6
   851 | D:2      | Found Taesk's Weapon Shoppe.
   971 | D:2      | Reached skill level 3 in Axes
  1259 | D:2      | Reached XP level 4. HP: 33/33 MP: 7/7
  1383 | D:2      | Found a faded altar of an unknown god.
  1578 | D:3      | Noticed Natasha
  1592 | D:3      | Killed Natasha
  1856 | D:3      | Noticed Natasha
  1876 | D:3      | Killed Natasha
  1877 | D:3      | Reached skill level 1 in Shields
  1877 | D:3      | Reached XP level 5. HP: 17/38 MP: 8/8
  2050 | D:3      | Noticed Natasha
  2068 | D:3      | Killed Natasha
  2069 | D:3      | Reached skill level 4 in Translocations
  2121 | D:3      | Identified the +1 leather armour of Dogmatism {+Inv Regen+}
  2248 | D:3      | Reached skill level 4 in Axes
  2445 | D:3      | Reached skill level 2 in Shields
  2668 | D:3      | Reached XP level 6. HP: 38/44 MP: 9/9
  2694 | D:4      | Learned a level 4 spell: Manifold Assault
  2919 | D:4      | Noticed an ogre
  2929 | D:4      | Killed an ogre
  2947 | D:4      | Reached XP level 7. HP: 36/50 MP: 10/10
  3116 | D:4      | Reached skill level 3 in Shields
  3285 | D:4      | Reached skill level 5 in Axes
  3285 | D:4      | Reached skill level 5 in Translocations
  3447 | D:5      | Entered Level 5 of the Dungeon
  3528 | D:5      | Reached skill level 3 in Spellcasting
  3572 | D:5      | HP: 1/50 [acid (6)]
  3573 | D:5      | Splashed by a jelly's acid

Illustrated notes

Levels and vault maps discovered:
D:1:      dpeg_arrival_triangle_fractal, layout_loops_ring
D:2:      layout_basic, serial_shops, shop,
          shapermc_ecumenical_altar_hornbeckon, minmay_stone_trees_small
D:3:      layout_loops_ring, minmay_fountain_box, st_stairs_10,
          chequers_serial_rivers_micro_d, minmay_between, uniq_natasha
D:4:      layout_loops_ring, st_stairs_7
D:5:      layout_basic, minmay_temple_entry_glass, chequers_ossuary_entry_cave,
          serial_curves, eino_curves_04, eino_curves_02

Skill      XL: |  1  2  3  4  5  6  7 |
---------------+----------------------+-----
Translocations | 3 4 5 |  5.1
Axes           | 3 4 5 |  5.1
Shields        | 1 2 3 |  3.3
Spellcasting   | 3 |  3.0
Fighting       | |  2.1
Throwing       | |  1.0
Armour         | |  1.1
Dodging        | |  1.7

Action                     |  1- 3 |  4- 6 |  7- 9 || total
---------------------------+-------+-------+-------++-------
  Melee: Hand axe          |   145 |    78 |    12 ||   235
         Dagger            |       |   128 |    80 ||   208
   Fire: Sling             |       |       |     1 ||     1
  Throw: Dart              |       |     1 |       ||     1
    Use: Scroll            |     1 |     5 |       ||     6
   Stab: Sleeping          |     1 |     2 |     3 ||     6
 Armour: Leather armour    |    91 |    37 |    45 ||   173
         Ring mail         |       |    68 |       ||    68
  Dodge: Dodged            |   117 |    79 |    29 ||   225
         Repelled          |     1 |       |     1 ||     2
  Block: Kite shield       |       |    85 |    46 ||   131

Table legend: (Time is in decaauts)
 A = Elapsed time spent in this place.
 B = Non-inter-level travel time spent in this place.
 C = Inter-level travel time spent in this place.
 D = Time resting spent in this place.
 E = Time spent auto-exploring this place.
 F = Levels seen in this place.
 G = Mean time per level.
                   A        B        C        D        E       F      G
               +--------+--------+--------+--------+--------+-----+--------+
         Total |   3667 |   3546 |    121 |    533 |   1916 |   5 |  733.4 |
       Dungeon |   3667 |   3546 |    121 |    533 |   1916 |   5 |  733.4 |
               +--------+--------+--------+--------+--------+-----+--------+

Top non-repeatable levels by time:
     D:3: 1181 daAuts
     D:1: 818 daAuts
     D:4: 786 daAuts
     D:2: 752 daAuts
     D:5: 129 daAuts
